 Dungeon Crawl Stone Soup version 0.31-a0-1370-gf52a5a9ab3 (webtiles) character file.

Game seed: 7669514454611392782

3186 Laraso the Basher (level 9, 0/88 HPs)
             Began as an Oni Cinder Acolyte on Dec 23, 2023.
             Was a High Priest of Ignis.
             Slain by a two-headed ogre
             ... wielding a +0 giant club
              (32 damage)
             ... on level 7 of the Dungeon.
             The game lasted 00:11:59 (7523 turns).

Laraso the Basher (Oni Cinder Acolyte)              Turns: 7523, Time: 00:11:59

Health: 0/88       AC:  9    Str: 20    XL:     9   Next: 95%
Magic:  6/15       EV:  9    Int: 19    God:    Ignis [*****.]
Gold:   243        SH:  0    Dex:  4    Spells: 8/16 levels left

rFire   + . .        a - +3 whip (elec)
rCold   + . .        (no shield)
rNeg    . . .        p - +2 robe {rC+}
rPois   .            (helmet restricted)
rElec   .            (no cloak)
rCorr   .            (gloves unavailable)
SInv    .            (boots unavailable)
Will    .....        (no amulet)
Stlth   +            g - +4 ring of protection
HPRegen 0.34/turn    (no ring)
MPRegen 0.14/turn

%: no passive effects
@: no status effects
A: large, unfitting armour, horns 1, tough skin 1, double potion healing,
drunken brawling
a: Renounce Religion, Fiery Armour, Foxfire Swarm, Rising Flame


You were on level 7 of the Dungeon.
You worshipped Ignis.
Ignis was extremely pleased with you.
You visited 1 branch of the dungeon, and saw 8 of its levels.

You collected 243 gold pieces.

Inventory:

Hand Weapons
 a - a +3 whip of electrocution (weapon)
Armour
 p - a +2 robe of cold resistance (worn)
Jewellery
 g - a +4 ring of protection (left hand)
Scrolls
 c - 4 scrolls of vulnerability
 i - a scroll of fear
 j - 2 scrolls of amnesia
 k - 2 scrolls of teleportation
 l - a scroll of fog
 o - a scroll of summoning
 q - a scroll of enchant armour
Potions
 e - a potion of haste {unknown}
 f - a potion of attraction
 h - a potion of brilliance
 m - a potion of mutation


   Skills:
 - Level 5.0 Fighting
 - Level 12.0 Maces & Flails
 * Level 4.1 Spellcasting
 * Level 2.1 Conjurations
 - Level 3.0 Fire Magic
 * Level 2.0 Air Magic
 * Level 2.1 Earth Magic
 * Level 2.1 Alchemy


You had 8 spell levels left.
You knew the following spells:

 Your Spells              Type           Power      Damage    Failure   Level
a - Scorch                Fire           30%        2d6       6%          2
b - Stone Arrow           Conj/Erth      24%        3d8       17%         3
f - Mephitic Cloud        Conj/Alch/Air  12%        N/A       17%         3

Your spell library contained the following spells:

 Spells                   Type           Power      Damage    Failure   Level
 Sandblast                Erth           24%        2d8       5%          1
 Sting                    Conj/Alch      48%        1d6       5%          1
 Mercury Vapours          Alch/Air       22%        N/A       9%          2
 Passwall                 Alch/Erth      10%        N/A       9%          2
 Apportation              Tloc           6%         N/A       14%         1
 Necrotise                Necr           12%        1d4       14%         1
 Summon Small Mammal      Summ           12%        N/A       14%         1
 Volatile Blastmotes      Fire/Tloc      18%        2d11      22%         3
 Dazzling Flash           Conj/Hex       16%        N/A       26%         3
 Brom's Barrelling Bould  Conj/Erth      12%        2d4       50%         4
 Fireball                 Conj/Fire      6%         3d5       78%         5
 Iskenderun's Battlesphe  Conj           12%        2d7       83%         5
 Freezing Cloud           Conj/Ice/Air   4%         6-21      91%         5
 Conjure Ball Lightning   Conj/Air       6%         3x3d6     100%        6
 Starburst                Conj/Fire      6%         6d4       100%        6
 Orb of Destruction       Conj           6%         9d6       100%        7
 Maxwell's Capacitive Co  Air            5%         ∞         100%        8


Dungeon Overview and Level Annotations

Branches:
Dungeon (8/15)             Temple (0/1) D:4
   Lair: D:8-11

Altars:
Yredelemnul
The Shining One

Annotations:
D:8 1 transporter


Innate Abilities, Weirdness & Mutations

You are too large for most types of armour.
You have a pair of small horns on your head.
You have tough skin. (AC +1)
You gain doubled healing and magic from potions.
Whenever you drink a healing potion, you attack all around you.


Message History

A two-headed ogre is nearby!
Casting: Stone Arrow (dangerous; 17% risk of failure)
Confirm with . or Enter, or press ? or * to list all spells.
Okay, then.
Casting: Stone Arrow (dangerous; 17% risk of failure)
Confirm with . or Enter, or press ? or * to list all spells.
Okay, then.
Casting: Stone Arrow (dangerous; 17% risk of failure)
Confirm with . or Enter, or press ? or * to list all spells.
Aiming: Mephitic Cloud (dangerous; 17% risk of failure)
Press: ? - help, Shift-Dir - straight line The ball explodes into a vile cloud!
The stinking cloud engulfs the two-headed ogre.
You hear a shout! x3
An orc comes into view. It is wielding a +0 falchion.
The two-headed ogre is engulfed in noxious fumes.
The two-headed ogre hits you with a +0 giant club!!
The two-headed ogre hits you with a +0 giant club!
Unknown command.
Casting: Mephitic Cloud (dangerous; 17% risk of failure)
Confirm with . or Enter, or press ? or * to list all spells.
Flames lash the two-headed ogre.
The two-headed ogre is lightly wounded.
The two-headed ogre's fire resistance burns away.
Casting: Scorch (safe; 6% risk of failure)
Confirm with . or Enter, or press ? or * to list all spells.
Flames lash the two-headed ogre.
The two-headed ogre is burned terribly!
The two-headed ogre is moderately wounded.
The two-headed ogre is engulfed in noxious fumes.
The two-headed ogre barely misses you.
The two-headed ogre hits you with a +0 giant club!
Casting: Scorch (safe; 6% risk of failure)
Confirm with . or Enter, or press ? or * to list all spells.
Flames lash the two-headed ogre.
The two-headed ogre is burned terribly!
The two-headed ogre is heavily wounded.
You hear a shout!
An orc comes into view.
It is wielding a +0 club and wearing a +2 scale mail of fire resistance.
The two-headed ogre is engulfed in noxious fumes.
The two-headed ogre hits you with a +0 giant club!!
You die...

## o. #. #. #o
##.###O#######
....○.○@.....#
.#.###.#####.#
#. #.# #. #.#
#.#####.#
#.......# #..#
######..# #..#
#..# ## #..#
##..#


You could see a two-headed ogre (combustible) and 2 orcs.

Vanquished Creatures
  Pikel (D:5)
  Prince Ribbit (D:6)
  A steam dragon (D:7)
  4 water moccasins
  Duvessa (D:5)
  3 centaurs
  A lemure (D:5)
  Blork the orc (D:6)
  3 scorpions
  4 wights
  Dowan (D:5)
  4 killer bees (D:7)
  2 howler monkeys
  A gnoll bouda (D:6)
  6 hounds
  3 orc priests
  2 jellies
  2 iguanas
  A sleepcap (D:5)
  4 orc wizards
  10 gnolls
  6 adders
  A shadow imp (D:5)
  2 bombardier beetles (D:5)
  A white imp (D:6)
  2 ufetubi (D:3)
  2 worms
  4 dart slugs
  24 orcs
  5 ball pythons
  3 bats
  4 endoplasms
  4 giant cockroaches
  9 goblins
  6 hobgoblins
  5 kobolds
  3 quokkas
  A frilled lizard (D:3)
  7 rats
145 creatures vanquished.

Vanquished Creatures (others)
  An angel (D:8)
  A sky beast (D:7)
2 creatures vanquished.

Grand Total: 147 creatures vanquished

Notes
Turn   | Place    | Note
-------+----------+-------------------------------------------
     0 | D:1      | Laraso the Oni Cinder Acolyte began the quest for the Orb.
     0 | D:1      | Reached XP level 1. HP: 24/24 MP: 2/2
   159 | D:1      | Reached XP level 2. HP: 30/33 MP: 2/4
   162 | D:1      | Learned a level 2 spell: Scorch
  1030 | D:1      | Reached XP level 3. HP: 38/41 MP: 0/5
  1186 | D:2      | Reached skill level 5 in Fighting
  1199 | D:2      | Identified the +2 hand axe of the Turnip {freeze, rF+
                  | Str+3}
  1833 | D:2      | Reached XP level 4. HP: 50/50 MP: 0/7
  2188 | D:3      | Reached skill level 4 in Maces & Flails
  2196 | D:3      | Reached XP level 5. HP: 55/57 MP: 1/9
  2725 | D:4      | Found a staircase to the Ecumenical Temple.
  2783 | D:5      | Entered Level 5 of the Dungeon
  2783 | D:5      | Noticed Duvessa
  2783 | D:5      | Noticed Dowan
  2800 | D:4      | Reached skill level 5 in Maces & Flails
  2908 | D:4      | Reached XP level 6. HP: 66/66 MP: 3/10
  3192 | D:4      | Reached skill level 6 in Maces & Flails
  3628 | D:5      | Reached XP level 7. HP: 54/72 MP: 2/11
  3703 | D:5      | Killed Duvessa
  3704 | D:5      | Reached skill level 7 in Maces & Flails
  3796 | D:5      | Killed Dowan
  4027 | D:5      | Reached skill level 8 in Maces & Flails
  4236 | D:5      | Reached XP level 8. HP: 35/80 MP: 2/12
  4452 | D:5      | Learned a level 3 spell: Mephitic Cloud
  4531 | D:5      | Noticed Pikel
  4550 | D:5      | Killed Pikel
  4551 | D:5      | Reached skill level 10 in Maces & Flails
  4892 | D:6      | Found a basalt altar of Yredelemnul.
  4894 | D:6      | Noticed a profane servitor
  4903 | D:6      | Found a glowing golden altar of the Shining One.
  5050 | D:6      | Reached skill level 11 in Maces & Flails
  5050 | D:6      | Reached XP level 9. HP: 60/88 MP: 1/13
  5378 | D:6      | Learned a level 3 spell: Stone Arrow
  5603 | D:6      | Noticed Blork the orc
  5613 | D:6      | Killed Blork the orc
  5956 | D:6      | Noticed Prince Ribbit
  5960 | D:6      | Killed Prince Ribbit
  6145 | D:6      | Noticed an angel
  6284 | D:7      | Reached skill level 12 in Maces & Flails
  6568 | D:7      | Reached skill level 1 in Conjurations
  6568 | D:7      | Reached skill level 1 in Earth Magic
  6768 | D:7      | Reached skill level 1 in Air Magic
  6768 | D:7      | Reached skill level 1 in Alchemy
  6883 | D:8      | Found a transporter.
  6964 | D:8      | Killed an angel
  7256 | D:7      | Identified the +4 chain mail of Serendipity {*Slow rN+
                  | SInv}
  7519 | D:7      | Noticed a two-headed ogre
  7523 | D:7      | Slain by a two-headed ogre

Illustrated notes

Levels and vault maps discovered:
D:1:      shiori_arrival_maze, layout_basic
D:2:      layout_loops_cross
D:3:      layout_basic, chequers_garden
D:4:      layout_loops_ring, minmay_temple_entry_statues_fountains
D:5:      layout_rooms, uniq_duvessa, uniq_pikel
D:6:      layout_loops_ring, grunt_temple_overflow_holy_war,
          cheibrodos_sewer_entry_bend, uniq_prince_ribbit1, uniq_blork_the_orc
D:7:      layout_loops_ring, fedhas_altar_2, serial_shops,
          nicolae_shop_rolling_square
D:8:      gammafunk_wand_slinger, layout_loops_ring,
          grunt_temple_overflow_order_and_chaos_1

Skill      XL: |  1  2  3  4  5  6  7  8  9 |
---------------+----------------------------+-----
Fire Magic     | 3 |  3.0
Fighting       | 5 |  5.0
Spellcasting   | 2 3 4 |  4.1
Maces & Flails | 4 5 6 8 11 12 | 12.0
Conjurations   | 2 |  2.1
Earth Magic    | 2 |  2.1
Air Magic      | 2 |  2.0
Alchemy        | 2 |  2.1

Action                     |  1- 3 |  4- 6 |  7- 9 || total
---------------------------+-------+-------+-------++-------
  Melee: Mace              |    36 |     7 |       ||    43
         Headbutt          |     2 |     6 |    20 ||    28
         Flail             |       |     9 |       ||     9
         Whip              |       |    39 |   184 ||   223
         Punch             |       |     1 |       ||     1
   Cast: Scorch            |    31 |    43 |    99 ||   173
         Mephitic Cloud    |       |       |     2 ||     2
         Stone Arrow       |       |       |     2 ||     2
  Evoke: Wand              |       |     6 |       ||     6
    Use: Scroll            |       |     4 |     7 ||    11
         Potion            |       |       |     3 ||     3
 Armour: Robe              |    30 |    67 |   181 ||   278
  Dodge: Dodged            |    26 |    45 |   111 ||   182

Table legend: (Time is in decaauts)
 A = Elapsed time spent in this place.
 B = Non-inter-level travel time spent in this place.
 C = Inter-level travel time spent in this place.
 D = Time resting spent in this place.
 E = Time spent auto-exploring this place.
 F = Levels seen in this place.
 G = Mean time per level.
                   A        B        C        D        E       F      G
               +--------+--------+--------+--------+--------+-----+--------+
         Total |   7462 |   7293 |    169 |   2018 |   4253 |   8 |  932.8 |
       Dungeon |   7462 |   7293 |    169 |   2018 |   4253 |   8 |  932.8 |
               +--------+--------+--------+--------+--------+-----+--------+

Top non-repeatable levels by time:
     D:6: 1837 daAuts
     D:1: 1190 daAuts
     D:4: 1145 daAuts
     D:5: 973 daAuts
     D:2: 941 daAuts
     D:7: 589 daAuts
     D:3: 544 daAuts
     D:8: 240 daAuts
